Cogmind - Beta 15 @@@ ROGUE MODE // 2025.07.01 @ 20:18:55 // AFD2020/Player2 Player: Demo Result: Core destroyed Performance ------------- Evolutions (0) 0 Regions Visited (2) 400 Robots Destroyed (20) 100 Value Destroyed (360) 360 Prototype IDs (2) 40 Alien Tech Used (0) 0 Bonus (-151) -151 TOTAL SCORE: 749 Bonus ------- Follower Combat Kills 32 Friendly Fire -183 Cogmind --------- Core Integrity 0/250 Matter 290/300 Energy 95/100 System Corruption 1% Temperature Cool (5) Movement Rolling (95) Ox1 Location -10/Mines Parts ------- > --- POWER (1) -------- (None) > --- PROPULSION (2) --- Wheel Wheel > --- UTILITY (2) ------ Large Storage Unit Seismic Detector > --- WEAPON (2) ------- Small Laser Light Assault Rifle > --- INVENTORY (15) --- Light Treads Wheel Wheel Large Matter Pod (150) High-capacity Matter Pod (200) Structural Scanner Targeting Computer Utility Shielding Decoy Drone Bay Particle Gun Light Assault Rifle Peak State ------------ > --- POWER ------------ Light Ion Engine > --- PROPULSION ------- Light Treads Wheel > --- UTILITY ---------- Large Storage Unit Seismic Detector > --- WEAPON ----------- Small Laser Light Assault Rifle > --- INVENTORY -------- Wheel Wheel Wheel Large Matter Pod High-capacity Matter Pod Structural Scanner Targeting Computer Utility Shielding Decoy Drone Bay Particle Gun Light Assault Rifle [Rating: 9] Favorites ----------- Power Light Ion Engine Engine Light Ion Engine Propulsion Wheel Treads Light Treads Wheel Wheel Utility Seismic Detector Device Seismic Detector Storage Small Storage Unit Weapon Small Laser Energy Gun Small Laser Ballistic Gun Light Assault Rifle Build | -11 -10 -10 ------- Run | Yrd Mat Min Slots Evolved . | . . . Power . | . . . Propulsion . | . . . Utility . | . . . Weapon . | . . . Parts Attached 10 | 7 2 1 Power 1 | 1 . . Engine 1 | 1 . . Core . | . . . Reactor . | . . . Propulsion 4 | 2 1 1 Treads 1 | 1 . . Leg . | . . . Wheel 3 | 1 1 1 Hover . | . . . Flight . | . . . Utility 3 | 2 1 . Device 1 | 1 . . Storage 2 | 1 1 . Processor . | . . . Hackware . | . . . Protection . | . . . Artifact . | . . . Weapon 2 | 2 . . Energy Gun 1 | 1 . . Energy Cannon . | . . . Ballistic Gun 1 | 1 . . Ballistic Cannon . | . . . Launcher . | . . . Special Weapon . | . . . Impact Weapon . | . . . Slashing Weapon . | . . . Piercing Weapon . | . . . Special Melee Weapon . | . . . Unidentified Prototypes . | . . . Parts Lost 1 | . . 1 Power 1 | . . 1 Propulsion . | . . . Utility . | . . . Weapon . | . . . Highest Loss Streak 1 | . . 1 To Critical Strikes . | . . . Average Backups 5 | 2 5 9 Power . | . . . Propulsion 1 | . 1 3 Utility 2 | 1 2 4 Weapon 1 | . 1 2 Tool/Special . | . . . Unused Backups 23 | 3 9 11 Power 1 | . 1 . Propulsion 7 | 1 4 2 Utility 10 | 2 2 6 Weapon 5 | . 2 3 Tool/Special . | . . . Average Slot Usage (%) 99 | . 100 99 Engine 13 | . 14 13 Treads 13 | . 14 12 Wheel 14 | . 14 16 Device 14 | . 14 14 Storage 14 | . 14 14 Energy Gun 14 | . 14 14 Ballistic Gun 14 | . 14 14 Peak Build Rating 9 | 8 7 9 Average Rating 7 | 6 7 7 On Entrance 5 | . 8 7 Naked Turns . | . . . Heaviest Build 26 | 11 26 26 Greatest Support 20 | 10 10 20 Greatest Overweight (x) 2 | 1 2 2 Average Overweight (x) 1 | . 1 1 Largest Inventory Capacity 15 | 8 15 15 Average Capacity 10 | 7 8 15 Most Carried 12 | 8 8 12 Average Carried 5 | 2 5 10 Final Capacity 15 | 8 15 15 Final Carried 12 | 8 8 12 Class Distribution -------------------- 100% | Mutant Dominant Class ---------------- Mutant | -10/Materials Mutant | -10/Mines Resources | -11 -10 -10 ----------- Run | Yrd Mat Min Matter Collected 498 | 289 188 21 Remotely . | . . . Salvage Created 720 | 204 439 77 Parts 48 | 18 28 2 Haulers Intercepted 1 | . 1 . Recyclers Shooed . | . . . Parts Field Recycled . | . . . Retrieved Matter . | . . . Parts Self-Destructed . | . . . Prevented . | . . . Kills | -11 -10 -10 ------- Run | Yrd Mat Min Combat Hostiles Destroyed 9 | . 8 1 Guns 8 | . 7 1 AOE 1 | . 1 . Classes Destroyed 8 | 2 5 1 Worker 1 | . 1 . Builder 2 | . 2 . Tunneler 5 | 5 . . Hauler 1 | . 1 . Recycler 2 | 1 . 1 Swarmer 2 | . 2 . Grunt 6 | . 6 . Demolisher 1 | . . 1 Best Kill Streak 6 | 6 6 1 Combat Bots Only 5 | . 5 1 Max Kills in Single Turn 3 | 1 3 1 Gunslinging . | . . . Exploded 1 | . 1 . Melee . | . . . Uniques/NPCs Destroyed . | . . . Combat | -11 -10 -10 -------- Run | Yrd Mat Min Hostile Shots Fired 25 | . 24 1 Missed 9 | . 9 . Hits 16 | . 15 1 Projectile 16 | . 15 1 AOE 4 | . . 4 Damage Taken 282 | . 190 92 Core 46 | . 17 29 Absorbed by Shields . | . . . Core Remaining (%) 100 | 100 . . Volleys Fired 53 | 19 28 6 Largest 2 | 2 2 2 Hottest 60 | 60 60 60 Shots Fired 96 | 38 46 12 Gun 96 | 38 46 12 Cannon . | . . . Launcher . | . . . Special . | . . . Kinetic 53 | 19 28 6 Thermal 43 | 19 18 6 Explosive . | . . . Electromagnetic . | . . . Robot Hit Streak 15 | 13 15 10 Robot Miss Streak 6 | 3 2 6 Penetration Max . | . . . Secondary Targets 1 | . 1 . Max Gunslinging Chain 1 | . 1 . Shots Hit Robots 63 | 26 32 5 Core Hits 35 | 10 21 4 Critical Kills . | . . . Critical Parts Destroyed 1 | 1 . . Critical Strikes 1 | 1 . . Destroy 1 | 1 . . Melee Attacks . | . . . Impact . | . . . Slashing . | . . . Piercing . | . . . Sneak Attacks . | . . . Combat Hostiles . | . . . Follow-up Attacks . | . . . Damage Inflicted 808 | 246 519 43 Guns 633 | 246 344 43 Cannons . | . . . Explosions 175 | . 175 . Melee . | . . . Ramming . | . . . Kinetic 302 | 100 179 23 Thermal 331 | 146 165 20 Explosive . | . . . Electromagnetic 175 | . 175 . Impact . | . . . Slashing . | . . . Piercing . | . . . Highest Corruption 1 | . 1 1 Average Corruption 1 | . 1 1 Corruption Purged . | . . . Corruption Blocked . | . . . Effects 4 | . 2 2 Message Errors 2 | . 1 1 Heat Flow Errors 1 | . 1 . Data Loss (major) 1 | . . 1 Overload Shots . | . . . Overflow Damage 8 | . 8 . Projectiles . | . . . Explosions 8 | . 8 . Melee . | . . . Knockbacks . | . . . Impact . | . . . Kinetic . | . . . Secondary . | . . . Self-Inflicted Damage 36 | . 36 . Shots 1 | . 1 . Rammed . | . . . Targets Rammed . | . . . Kicked . | . . . Crushed . | . . . Highest Temperature 209 | 20 209 20 Average Temperature 18 | 9 27 9 Received Heat Transfer 60 | . 60 . Siege Activations . | . . . Martial Activations . | . . . Shielding Activations . | . . . Robots Disrupted . | . . . Combat Hostiles . | . . . Robots Corrupted . | . . . Combat Hostiles . | . . . Parts Fried . | . . . Impact Corruptions . | . . . Robots Melted . | . . . Combat Hostiles . | . . . Parts Melted 1 | 1 . . Heat Transferred 750 | 350 350 50 Parts Sabotaged . | . . . Parts Stolen . | . . . Parts Stripped . | . . . Power Chain Reactions . | . . . Alert | -11 -10 -10 ------- Run | Yrd Mat Min Maximum Alert Level 1 | . 1 . Low Security (%) 84 | 100 69 100 Level 1 15 | . 30 . Level 2 . | . . . Level 3 . | . . . Level 4 . | . . . Level 5 . | . . . High Security . | . . . Max Security . | . . . Peak Influence 233 | 10 233 67 Initial 67 | . . 67 Average 73 | 1 133 25 Influence Increases 413 | 30 351 32 Destroy 0b10 Robot/C 220 | . 200 20 Destroy 0b10 Robot/NC 60 | 30 25 5 Destroy Leader 42 | . 42 . Allied During Kill 70 | . 63 7 Successful Hack 6 | . 6 . Disable Machine 15 | . 15 . Influence Decreases 388 | 30 176 182 Entered New Map 108 | . . 108 Time Decay 250 | 30 146 74 Lost Part 30 | . 30 . Squads Dispatched 4 | . 4 . Investigation 4 | . 4 . Extermination . | . . . Reinforcement . | . . . Assault . | . . . Garrison . | . . . Intercept . | . . . Searches Triggered . | . . . Construction Impeded . | . . . Haulers Reinforced . | . . . Active Scanning Responses . | . . . Cargo Convoy Interrupts . | . . . Stealth | -11 -10 -10 --------- Run | Yrd Mat Min Distress Signals . | . . . Communications Jammed . | . . . Distress Signals . | . . . Times Spotted 32 | . 14 18 Peak Tracking Total 12 | . 5 12 Tactical Retreats 1 | . . 1 Traps | -11 -10 -10 ------- Run | Yrd Mat Min Traps Triggered 2 | . 2 . Indirectly . | . . . Trap Hack Attempts . | . . . Triggered . | . . . Disarmed . | . . . Reprogrammed . | . . . Reused . | . . . Traps Extracted . | . . . Installed . | . . . Triggered . | . . . Machines | -11 -10 -10 ---------- Run | Yrd Mat Min Machines Disabled 1 | . 1 . Max in Single Turn 1 | . 1 . Machines Repaired . | . . . Machines Dismantled . | . . . Machines Sabotaged . | . . . Overloaded Fab Kills . | . . . Hacking | -11 -10 -10 --------- Run | Yrd Mat Min Machines Accessed 5 | . 4 1 Terminals 4 | . 4 . Fabricators . | . . . Repair Stations . | . . . Recycling Units . | . . . Scanalyzers . | . . . Garrison Access . | . . . Total Hacks 13 | . 12 1 Successful 5 | . 4 1 Failed 7 | . 7 . Catastrophic 2 | . 2 . Database Lockouts 1 | . 1 . Manual 6 | . 6 . Terminals 12 | . 12 . Fabricators . | . . . Repair Stations . | . . . Recycling Units . | . . . Scanalyzers . | . . . Garrison Access . | . . . Terminal Hacks 5 | . 4 1 Robot Analysis 1 | . 1 . Prototype ID Bank 1 | . 1 . Open Door 1 | . . 1 Branch Access Points 1 | . 1 . Recall Investigation 1 | . 1 . Fabricator Hacks . | . . . Repair Station Hacks . | . . . Recycling Unit Hacks . | . . . Scanalyzer . | . . . Garrison Access Hacks . | . . . Unauthorized Hacks . | . . . Terminals . | . . . Fabricators . | . . . Repair Stations . | . . . Recycling Units . | . . . Scanalyzers . | . . . Garrison Access . | . . . Data Cores Recovered . | . . . Used . | . . . Hacking Detections 4 | . 4 . Full Trace Events 2 | . 2 . Feedback Events . | . . . Feedback Blocked . | . . . Robot Schematics Acquired . | . . . Robots Built . | . . . Authchips . | . . . Time . | . . . Total Robot Build Rating . | . . . Part Schematics Acquired . | . . . Parts Built . | . . . Authchips . | . . . Time . | . . . Total Part Build Rating . | . . . Parts Repaired . | . . . Time . | . . . Parts Recycled . | . . . Recycled Matter . | . . . Retrieved Matter . | . . . Retrieved Components . | . . . Parts Scanalyzed . | . . . Part Schematics Acquired . | . . . Parts Damaged . | . . . Bothacking | -11 -10 -10 ------------ Run | Yrd Mat Min Used RIF Installer . | . . . Robots Hacked . | . . . Non-combat . | . . . Combat . | . . . Robot Hacks Applied . | . . . Relay Couplers Released . | . . . Fabnet Peak Effective % . | . . . Robots Rewired . | . . . Allies Hacked . | . . . Hacks Repelled . | . . . Allies | -11 -10 -10 -------- Run | Yrd Mat Min Total Allies 6 | . 1 5 Largest Group 6 | . 1 6 Highest-Rated Group 142 | . 59 142 Highest-Rated Ally 59 | . 59 57 Total Orders . | . . . Ally Attacks 52 | . 26 26 Total Damage 543 | . 279 264 Kills 4 | . 3 1 Allies Corrupted . | . . . Allies Melted . | . . . Intel | -11 -10 -10 ------- Run | Yrd Mat Min Active Infowar (turns) 531 | . 329 202 Seismic 531 | . 329 202 Robot Analysis Total 1 | . 1 . Derelict Logs Recovered . | . . . Drone Launches . | . . . Drone Recoveries . | . . . Exploration | -11 -10 -10 ------------- Run | Yrd Mat Min Turns Passed 711 | 158 351 202 Spaces Moved 528 | 91 274 163 Core 6 | 6 . . Treads . | . . . Legs . | . . . Wheels 522 | 85 274 163 Hover . | . . . Flight . | . . . Fastest Speed 50 | 50 95 95 Average Speed 98 | 87 95 108 Slowest Speed 110 | 95 110 110 Overloaded Moves . | . . . Propulsion Burnouts . | . . . Robots Hopped . | . . . Potential Cave-ins . | . . . Cave-ins Triggered . | . . . Exploration Rate (%) 31 | 4 55 34 Regions Visited 2 Branch Regions 1 Pre-discovered Areas . | . . . Known Exits Taken 1 | . 1 . Unknown Exits Taken 1 | 1 . . Scrap Searched 1 | . . 1 Spaces Dug . | . . . Terrain Destroyed . | . . . Melee . | . . . Projectile . | . . . AOE . | . . . Terrain Rammed . | . . . Walls Destroyed . | . . . Machines Disabled . | . . . Actions | -11 -10 -10 --------- Run | Yrd Mat Min Total 638 | 133 327 178 Wait 10 | 1 4 5 Move 526 | 90 273 163 Hop . | . . . Pick Up 24 | 12 9 3 Fast Attach 7 | 7 . . Attach . | . . . Detach . | . . . Swap 3 | . 2 1 Drop 15 | 4 11 . Fire 53 | 19 28 6 Melee . | . . . Ram . | . . . Kick . | . . . Crush . | . . . Escape Stasis . | . . . Rewire . | . . . Trap . | . . . Miscellaneous . | . . . Route ------- -11/Scrapyard -10/Materials (discovered 3 exits: [*Mat] / *Min x2) -10/Mines (discovered 1 exit: [*Mat]) History --------- Turn | Location | Event 7 | -11/Scrapyard | Discovered new exit (range 16) 159 | -11/Scrapyard | Entered Materials 181 | -10/Materials | Central database locked down 317 | -10/Materials | Build established: Mutant 346 | -10/Materials | Discovered new exit (range 15) 429 | -10/Materials | Identified exit to Mines 510 | -10/Materials | Entered Mines 529 | -10/Mines | Discovered new exit (range 5) 612 | -10/Mines | Assisted by bots powering up and referring to "LRC-V3" 652 | -10/Mines | Assembled infested the area 665 | -10/Mines | Found the Drone Emporium 670 | -10/Mines | Found Prototype Device 694 | -10/Mines | Core integrity fell below 50% 708 | -10/Mines | Core integrity fell below 20% 712 | -10/Mines | Core destroyed Last Messages --------------- Heard you outside and thought you were from the Merchants Guild. I haven't even officially opened my Drone Emporium yet but am totally ready to tell them where they can shove that C&D." 00667_ MI-AWJ(g): "I'm a fan of the free market. Free drones for all! No strings attached!" 00670_ Acquired Prototype Device. 00684_ Trooper 1b destroyed. 00686_ Mercenary 1a destroyed. 00701_ Lgt. Ion Engine destroyed. 00701_ U-05 Engineer destroyed. 00702_ D-53 Grenadier destroyed. 00705_ as-44122 destroyed. 00708_ as-33579 destroyed. 00709_ The unstable cave ceiling collapses. 00710_ Player 2 attaches Wheel. 00711_ Player 2 attaches Sml. Laser. 00711_ D-53 Grenadier destroyed. 00712_ Player 2 suffers critical hit (Burn). Map ----- +----------------------------------------------------+ | ?????# ### #?? | | ?????## ####?# ######## #?? | | ??????# #????# #??????# #?? | | ??????# ###### #??????# #?? | | ??????# ##?????# #?? | | ??????# #?????# #?? | | ??????####### ######### #######?? | | ????????????## #???????? | | ?????????????# ######## #???????? | | ????????????? ##??????# #???????? | | ????????????? ##???????# #???????? | | ????????????? ##????????# #???????? | | ????????????# ##?????????# ###?????? | | ????????????# ???????????# " #?????? | | ????????????# ? ####% #?????? | | ????????????##???????# ###???? | | ?????????????????????###### #???? | | ????????????????????????### #???? | | ????????????????????????# # #???? | | ????????????????????????# ##??? | | ????????????????????????# #??? | | ?????????????????????#### =%= #???? | | ????????????????????## # #???? | | ???????????########## ! % #???? | | ???????# ! ! ! #???? | | ???????????########## = @% ###????? | | ???????????????????# ! #?????? | | ??????????????##### #?????? | | ?????????????##""## #????? | | ?????????????#" #X @ ##????? | | ?????????????#" #?????? | | ?????????????#" % ?????? | | ?????????????#" # ##????? | | ?????????????##""## * #?????? | | ??????????????#######%g a ##?????? | | ????????????????????[=% % #?????? | | ???????????????????? = aa #?????? | | ???????????????????## #?????? | | ????????????????????## ##?????? | | ?????????????????????# ##??????? | | ?????????????????????# a ##???????? | | ?????????????????????## * #????????? | | ??????????????????????##%|#????????? | | ????????????????????????! ?????????? | | ???????????????????????? ?????????? | | ???????????????????????????????????? | | ???????????????????????????????????? | | ???????????????????????????????????? | | ???????????????????????????????????? | | ???????????????????????????????????? | +----------------------------------------------------+ Best States ------------- Heat Dissipation 25 Energy Generation 5 Energy Capacity 125 Matter Stores 300 Matter Capacity 300 Sight Range 16 Terrain Scan Density 10 Evasion (%) 41 Recoil Reduction 1 Item Schematics ----------------- None Robot Schematics ------------------ None Fabricated ------------ Nothing Repaired ---------- Nothing Alien Tech Used ----------------- None Achievements -------------- None Challenges ------------ None Player 2 | -11 -10 -10 ---------- Run | Yrd Mat Min Slots Evolved . | . . . Power . | . . . Propulsion . | . . . Utility . | . . . Weapon . | . . . Parts Attached 19 | . 17 2 Parts Lost 5 | . 3 2 Damage Taken 574 | . 307 267 Core 209 | . 83 126 Player 2/Cogmind (%) 81 | . 83 81 Absorbed by Shields . | . . . Damage Inflicted 369 | . 279 90 Player 2/Cogmind (%) 31 | . 34 67 Combat Hostiles Destroyed 3 | . 2 1 Player 2/Cogmind (%) 25 | . 20 50 Game ------ Seed BlastFluxPlating Manual? 0 Play Time 00:07:18 Cumulative 318.6 hours Start 2025.07.01 @ 20:13:06 End 2025.07.01 @ 20:18:55 Sessions 1 Manual Loads 0 Difficulty Rogue Special Mode AFD2020/Player2 Game No. 284 Rogue 284 Adventurer 0 Explorer 0 Win Type - Total 2 Types 1/1/0/0/0/0/0/0/0/0 Lore% 78 Gallery% 81 Achievement% 72 Wizard Run 0 Options --------- Layout 1 ASCII 0 Keyboard 0 Movement Numpad Keybinds 0 Fullscreen 1 Font 24/Smallcaps Map View 50x35 Zoom Use 0% Tactical HUD 1 Map Filters NONE Filters NONE Steam 1 RUN: f14fb982-ef0e-40d6-8b2d-1c4b402e5ca3